[ AOE2 MATCH · #483651035 ]
UnrankedHindustanis vs Incas
Player's team · WIN
Rival team · LOSS
[ REPLAY ANALYSIS · EXTRACTED FROM THE RECORDED GAME ]
Feudal
9:24
Castle
20:49
Imperial
37:51
| APM avg | 92.1 |
| APM peak | 127 |
| eAPM avg | 53.0 |
| Villagers / military | 226 / 599 |
Focus
⚔️ 53.5% · 🌾 46.5%
Scout Cavalry ×253 · Skirmisher ×122 · Hand Cannoneer ×100 · Archer ×55 · Ghulam ×46 · Trebuchet (Packed) ×14
Feudal
9:16
Castle
20:11
Imperial
40:05
| APM avg | 62.3 |
| APM peak | 110 |
| eAPM avg | 26.2 |
| Villagers / military | 187 / 336 |
Focus
⚔️ 52.3% · 🌾 47.7%
Archer ×132 · Unknown (2550) ×129 · Skirmisher ×85 · Spearman ×61 · Petard ×42 · Trebuchet (Packed) ×9
Match map
Initial resources + every placement click. Lines = walls · curves = elevation contours. ◆ gold · ⬟ stone · ● berries · ✦ relic · ◌ wall gap
Your base· ✓ Closed at 20:49 · 40t walls · no gate
Test this meta's base· Open — opponent sealed themselves in
Smoothed initial terrain · ◌ = detected wall gap · hover for details
Inputs per minute
— VENON | Droga0 - - Test this meta
Build order — VENON | Droga0
First 150 of 1220 actions detected
| 0:01 | Create | Villager (Male) |
| 0:01 | Create | Villager (Male) |
| 0:02 | Build | House |
| 0:03 | Build | House |
| 0:08 | Create | Villager (Male) |
| 0:10 | Create | Villager (Male) |
| 1:02 | Create | Villager (Male) |
| 1:27 | Create | Villager (Male) |
| 1:27 | Create | Villager (Male) |
| 1:44 | Build | Lumber Camp |
| 2:00 | Create | Villager (Male) |
| 2:00 | Create | Villager (Male) |
| 2:27 | Create | Villager (Male) |
| 2:28 | Create | Villager (Male) |
| 2:43 | Create | Villager (Male) |
| 2:43 | Create | Villager (Male) |
| 3:04 | Create | Villager (Male) |
| 3:04 | Create | Villager (Male) |
| 3:27 | Build | House |
| 3:44 | Create | Villager (Male) |
| 3:53 | Create | Villager (Male) |
| 3:53 | Create | Villager (Male) |
| 4:01 | Build | House |
| 4:02 | Build | House |
| 4:07 | Build | Palisade Wall |
| 4:08 | Build | Palisade Wall |
| 4:08 | Build | Palisade Wall |
| 4:12 | Create | Villager (Male) |
| 4:28 | Create | Villager (Male) |
| 4:29 | Create | Villager (Male) |
| 4:44 | Build | Mill |
| 5:20 | Research | Loom |
| 5:32 | Build | House |
| 6:13 | Build | Palisade Wall |
| 6:14 | Build | Palisade Wall |
| 6:24 | Create | Villager (Male) |
| 6:26 | Create | Villager (Male) |
| 6:52 | Research | Feudal Age |
| 6:52 | Research | Feudal Age |
| 7:27 | Build | Barracks |
| 7:51 | Build | House |
| 8:23 | Build | Lumber Camp |
| 8:34 | Create | Villager (Male) |
| 8:56 | Build | House |
| 9:24 | Age | Feudal Age |
| 9:27 | Build | Stable |
| 9:41 | Research | Double-Bit Axe |
| 9:42 | Research | Double-Bit Axe |
| 9:44 | Create | Villager (Male) |
| 9:48 | Build | House |
| 10:07 | Create | Villager (Male) |
| 10:14 | Create | Scout Cavalry |
| 10:15 | Create | Scout Cavalry |
| 10:15 | Create | Scout Cavalry |
| 10:21 | Create | Villager (Male) |
| 10:23 | Build | Archery Range |
| 10:31 | Create | Scout Cavalry |
| 10:31 | Create | Scout Cavalry |
| 10:46 | Build | Mining Camp |
| 10:47 | Create | Villager (Male) |
| 10:55 | Build | House |
| 11:03 | Build | House |
| 11:18 | Build | Palisade Wall |
| 11:20 | Build | Palisade Wall |
| 11:26 | Create | Scout Cavalry |
| 11:26 | Create | Scout Cavalry |
| 11:30 | Build | Palisade Wall |
| 11:32 | Build | Farm |
| 11:33 | Create | Villager (Male) |
| 11:33 | Create | Villager (Male) |
| 11:35 | Build | Palisade Wall |
| 11:41 | Build | House |
| 11:56 | Create | Villager (Male) |
| 11:56 | Create | Villager (Male) |
| 11:56 | Create | Villager (Male) |
| 12:17 | Build | Farm |
| 12:17 | Build | Farm |
| 12:17 | Build | Farm |
| 12:18 | Create | Villager (Male) |
| 12:19 | Create | Villager (Male) |
| 12:25 | Build | Palisade Wall |
| 12:28 | Create | Archer |
| 12:28 | Create | Archer |
| 12:43 | Build | Blacksmith |
| 12:49 | Create | Villager (Male) |
| 12:49 | Create | Villager (Male) |
| 12:57 | Create | Villager (Male) |
| 13:08 | Build | Palisade Wall |
| 13:10 | Create | Archer |
| 13:10 | Create | Archer |
| 13:15 | Build | Farm |
| 13:25 | Create | Villager (Male) |
| 13:25 | Build | Farm |
| 13:31 | Build | Palisade Wall |
| 13:39 | Create | Villager (Male) |
| 13:40 | Create | Villager (Male) |
| 13:44 | Build | Farm |
| 13:47 | Create | Archer |
| 13:47 | Create | Archer |
| 14:03 | Create | Scout Cavalry |
| 14:04 | Create | Scout Cavalry |
| 14:09 | Build | Farm |
| 14:10 | Create | Villager (Male) |
| 14:28 | Create | Villager (Male) |
| 14:31 | Create | Villager (Male) |
| 14:33 | Build | Farm |
| 14:39 | Research | Fletching |
| 14:39 | Research | Fletching |
| 14:47 | Create | Villager (Male) |
| 14:47 | Create | Villager (Male) |
| 14:51 | Build | House |
| 14:53 | Create | Scout Cavalry |
| 14:53 | Create | Scout Cavalry |
| 15:07 | Build | Farm |
| 15:08 | Build | Farm |
| 15:11 | Create | Archer |
| 15:11 | Create | Archer |
| 15:24 | Create | Villager (Male) |
| 15:25 | Build | Farm |
| 15:33 | Create | Archer |
| 15:33 | Create | Archer |
| 15:39 | Build | House |
| 15:39 | Build | House |
| 15:42 | Create | Villager (Male) |
| 15:46 | Create | Archer |
| 15:51 | Create | Skirmisher |
| 16:02 | Create | Skirmisher |
| 16:04 | Create | Villager (Male) |
| 16:10 | Build | Farm |
| 16:36 | Build | Market |
| 16:46 | Create | Villager (Male) |
| 16:55 | Build | House |
| 17:00 | Create | Villager (Male) |
| 17:06 | Build | House |
| 17:17 | Build | House |
| 17:17 | Build | House |
| 17:39 | Create | Villager (Male) |
| 17:52 | Build | House |
| 17:55 | Build | House |
| 18:09 | Research | Castle Age |
| 18:09 | Research | Castle Age |
| 18:15 | Build | Archery Range |
| 18:19 | Create | Archer |
| 18:19 | Create | Archer |
| 18:28 | Build | Watch Tower |
| 18:31 | Build | Gate |
| 18:38 | Create | Villager (Male) |
| 18:38 | Create | Villager (Male) |
| 18:38 | Create | Villager (Male) |
| 18:53 | Create | Villager (Male) |
Build order — Test this meta
First 150 of 802 actions detected
| 0:00 | Create | Villager (Male) |
| 0:01 | Create | Villager (Male) |
| 0:01 | Create | Villager (Male) |
| 0:02 | Build | House |
| 0:04 | Create | Villager (Male) |
| 1:18 | Create | Villager (Male) |
| 1:52 | Create | Villager (Male) |
| 1:58 | Build | Settlement |
| 2:27 | Create | Villager (Male) |
| 2:48 | Create | Villager (Male) |
| 3:10 | Create | Villager (Male) |
| 3:13 | Create | Villager (Male) |
| 3:31 | Create | Villager (Male) |
| 3:57 | Create | Villager (Male) |
| 4:28 | Create | Villager (Male) |
| 4:53 | Create | Villager (Male) |
| 5:18 | Create | Villager (Male) |
| 5:28 | Create | Villager (Male) |
| 5:30 | Create | Villager (Male) |
| 5:34 | Research | Loom |
| 5:37 | Build | Barracks |
| 5:53 | Create | Villager (Male) |
| 6:47 | Build | Settlement |
| 6:54 | Build | Palisade Wall |
| 6:56 | Research | Feudal Age |
| 7:19 | Create | Villager (Male) |
| 7:38 | Create | Unit 2550 |
| 7:53 | Create | Unit 2550 |
| 8:38 | Create | Unit 2550 |
| 9:16 | Age | Feudal Age |
| 9:21 | Research | Tech 1402 |
| 9:34 | Create | Villager (Male) |
| 9:38 | Build | Archery Range |
| 9:42 | Build | Blacksmith |
| 9:48 | Create | Villager (Male) |
| 9:56 | Build | House |
| 10:13 | Research | Double-Bit Axe |
| 10:32 | Create | Villager (Male) |
| 10:36 | Build | Farm |
| 10:38 | Build | Farm |
| 11:00 | Create | Villager (Male) |
| 11:07 | Create | Archer |
| 11:08 | Create | Archer |
| 11:18 | Create | Villager (Male) |
| 11:41 | Create | Archer |
| 11:56 | Create | Archer |
| 12:05 | Create | Archer |
| 12:06 | Create | Villager (Male) |
| 12:15 | Build | Settlement |
| 12:20 | Build | Farm |
| 12:22 | Create | Villager (Male) |
| 12:28 | Create | Archer |
| 12:32 | Build | House |
| 12:35 | Build | Palisade Wall |
| 12:37 | Create | Villager (Male) |
| 12:46 | Build | Farm |
| 12:54 | Build | Palisade Wall |
| 13:06 | Build | Farm |
| 13:07 | Create | Villager (Male) |
| 13:19 | Create | Villager (Male) |
| 13:30 | Create | Archer |
| 13:32 | Build | House |
| 13:39 | Create | Archer |
| 13:53 | Build | Farm |
| 13:56 | Create | Villager (Male) |
| 14:12 | Build | Farm |
| 14:29 | Create | Archer |
| 14:30 | Create | Villager (Male) |
| 14:32 | Build | Farm |
| 14:42 | Create | Villager (Male) |
| 14:50 | Create | Archer |
| 14:54 | Build | Farm |
| 15:16 | Build | Farm |
| 15:21 | Create | Villager (Male) |
| 15:26 | Create | Archer |
| 15:39 | Build | Farm |
| 15:44 | Create | Archer |
| 15:47 | Create | Villager (Male) |
| 16:02 | Create | Villager (Male) |
| 16:16 | Build | Farm |
| 16:31 | Build | Market |
| 16:41 | Create | Villager (Male) |
| 16:53 | Create | Spearman |
| 16:56 | Create | Villager (Male) |
| 17:28 | Research | Castle Age |
| 17:43 | Research | Horse Collar |
| 18:04 | Build | Archery Range |
| 18:06 | Research | Fletching |
| 18:29 | Create | Archer |
| 18:30 | Create | Villager (Male) |
| 18:34 | Create | Archer |
| 18:58 | Build | Market |
| 19:01 | Create | Archer |
| 19:01 | Create | Archer |
| 19:12 | Build | House |
| 19:13 | Build | House |
| 19:18 | Create | Archer |
| 19:23 | Build | House |
| 19:39 | Build | Farm |
| 20:06 | Build | House |
| 20:09 | Build | House |
| 20:11 | Age | Castle Age |
| 20:14 | Build | House |
| 20:15 | Research | Crossbowman (upgrade) |
| 20:20 | Build | House |
| 20:22 | Research | Bodkin Arrow |
| 20:24 | Create | Archer |
| 20:36 | Create | Villager (Male) |
| 20:39 | Create | Archer |
| 20:40 | Create | Archer |
| 21:03 | Create | Archer |
| 21:03 | Create | Archer |
| 21:07 | Create | Villager (Male) |
| 21:20 | Create | Archer |
| 21:20 | Create | Archer |
| 21:26 | Create | Villager (Male) |
| 22:00 | Create | Villager (Male) |
| 22:29 | Create | Archer |
| 22:29 | Create | Archer |
| 22:30 | Create | Villager (Male) |
| 22:33 | Create | Archer |
| 22:37 | Build | Farm |
| 22:38 | Build | Farm |
| 22:38 | Build | Farm |
| 22:45 | Build | University |
| 22:48 | Build | House |
| 22:51 | Create | Villager (Male) |
| 22:56 | Create | Archer |
| 23:21 | Build | Farm |
| 23:24 | Create | Villager (Male) |
| 23:33 | Create | Archer |
| 23:33 | Create | Archer |
| 23:40 | Create | Archer |
| 23:41 | Create | Archer |
| 23:47 | Create | Villager (Male) |
| 24:14 | Research | Ballistics |
| 24:16 | Create | Villager (Male) |
| 24:51 | Create | Villager (Male) |
| 24:58 | Create | Archer |
| 25:00 | Create | Villager (Male) |
| 25:09 | Build | Town Center |
| 25:11 | Create | Villager (Male) |
| 25:16 | Create | Archer |
| 25:16 | Create | Archer |
| 26:04 | Create | Villager (Male) |
| 26:12 | Create | Archer |
| 26:22 | Create | Archer |
| 26:22 | Create | Archer |
| 26:36 | Create | Archer |
| 27:17 | Create | Archer |
Match timeline
| 4:07 | VENON | Droga0 · wall_segment Palisade Wall x7 |
| 4:08 | VENON | Droga0 · wall_segment Palisade Wall x1 |
| 4:08 | VENON | Droga0 · wall_segment Palisade Wall x1 |
| 5:37 | Test this meta · first_building Barracks |
| 6:13 | VENON | Droga0 · wall_segment Palisade Wall x8 |
| 6:14 | VENON | Droga0 · wall_segment Palisade Wall x1 |
| 6:54 | Test this meta · wall_segment Palisade Wall x3 |
| 7:27 | VENON | Droga0 · first_building Barracks |
| 9:16 | Test this meta · age_up feudal |
| 9:24 | VENON | Droga0 · age_up feudal |
| 9:27 | VENON | Droga0 · first_building Stable |
| 9:38 | Test this meta · first_building Archery Range |
| 10:23 | VENON | Droga0 · first_building Archery Range |
| 11:18 | VENON | Droga0 · wall_segment Palisade Wall x1 |
| 11:20 | VENON | Droga0 · wall_segment Palisade Wall x1 |
| 11:30 | VENON | Droga0 · wall_segment Palisade Wall x1 |
| 11:35 | VENON | Droga0 · wall_segment Palisade Wall x1 |
| 12:25 | VENON | Droga0 · wall_segment Palisade Wall x8 |
| 12:35 | Test this meta · wall_segment Palisade Wall x3 |
| 12:54 | Test this meta · wall_segment Palisade Wall x15 |
| 13:08 | VENON | Droga0 · wall_segment Palisade Wall x7 |
| 13:31 | VENON | Droga0 · wall_segment Palisade Wall x1 |
| 17:21 | Test this meta · first_market_buy 100 food |
| 18:05 | VENON | Droga0 · first_market_buy 100 food |
| 19:03 | VENON | Droga0 · wall_segment Palisade Wall x1 |
| 19:04 | VENON | Droga0 · wall_segment Palisade Wall x1 |
| 19:04 | VENON | Droga0 · wall_segment Palisade Wall x1 |
| 19:17 | Test this meta · first_market_sell 100 food |
| 20:11 | Test this meta · age_up castle |
| 20:49 | VENON | Droga0 · age_up castle |
| 20:58 | VENON | Droga0 · first_market_sell 100 food |
| 21:08 | VENON | Droga0 · first_building Siege Workshop |
| 23:44 | VENON | Droga0 · wall_segment Palisade Wall x2 |
| 30:58 | VENON | Droga0 · first_building Castle |
| 31:01 | Test this meta · first_building Siege Workshop |
| 31:52 | VENON | Droga0 · first_building Monastery |
| 32:18 | Test this meta · first_building Castle |
| 37:51 | VENON | Droga0 · age_up imperial |
| 38:16 | VENON | Droga0 · wall_segment Stone Wall x10 |
| 40:05 | Test this meta · age_up imperial |
| 42:26 | VENON | Droga0 · wall_segment Stone Wall x10 |
| 42:27 | VENON | Droga0 · wall_segment Stone Wall x4 |
| 43:48 | VENON | Droga0 · wall_segment Stone Wall x13 |
| 43:49 | VENON | Droga0 · wall_segment Stone Wall x3 |
| 44:26 | VENON | Droga0 · wall_segment Stone Wall x10 |
| 44:32 | VENON | Droga0 · wall_segment Stone Wall x10 |
| 44:36 | VENON | Droga0 · wall_segment Stone Wall x5 |
| 44:37 | VENON | Droga0 · wall_segment Stone Wall x1 |
| 50:01 | VENON | Droga0 · wall_segment Stone Wall x1 |
| 57:07 | Test this meta · wall_segment Stone Wall x20 |
| 57:14 | Test this meta · wall_segment Stone Wall x11 |
| 57:17 | Test this meta · wall_segment Stone Wall x12 |
| 57:24 | Test this meta · wall_segment Stone Wall x16 |
| 57:27 | VENON | Droga0 · wall_segment Stone Wall x2 |
| 62:49 | Test this meta · resign |
[ AI ANALYSIS · 1 CREDIT ]
What really happened in this match?
Wolo.gg analyzes every decision: build order, eco, micro, common mistakes by bracket. Personalized analysis on WhatsApp or Discord in 30 seconds.
Civ guide
Hindustanis
Perfil
Droga0